 Dungeon Sprint DCSS version 0.22-a0-81-g7478db5 (webtiles) character file.

5945 Kidiri the Unseen (level 10, -2/52 (53) HPs)
             Began as a Spriggan Enchanter on Jan 18, 2018.
             Was a Follower of Dithmenos.
             Shot with a bolt by a yaktaur (30 damage)
             ... in the Dungeon (Sprint II: "The Violet Keep of Menkaure").
             The game lasted 00:07:31 (1161 turns).

Kidiri the Unseen (Spriggan Enchanter)              Turns: 1161, Time: 00:07:32

HP:   -2/52 (53)    AC:  3    Str:  4    XL:     10   Next: 54%
MP:   5/27          EV: 30    Int: 18    God:    Dithmenos [*.....]
Gold: 1145          SH:  0    Dex: 17    Spells: 21/33 levels left

rFire    . . .     SeeInvis +   a - +1 dagger
rCold    . . .     Gourm    .   (shield restricted)
rNeg     . . .     Faith    .   b - +0 robe
rPois    .         Spirit   .   (helmet restricted)
rElec    .         Reflect  .   i - +0 cloak
rCorr    .         Harm     .   (gloves unavailable)
MR       +....     Rnd*Rage +   (boots unavailable) Stlth +++++++...NoTele +
                                (no amulet)
HPRegen  0.17/turn              (no ring)
MPRegen  0.20/turn              (no ring)

@: wreathed by umbra, very quick
A: very small, unfitting armour, see invisible, berserk 1, clumsy 1, herbivore,
speed 3, slow metabolism 2
a: Renounce Religion


You were in the Dungeon.
You worshipped Dithmenos.
Dithmenos was aware of your devotion.
You were not hungry.

You visited 1 branch You collected 1145 gold pieces.

Inventory:

Hand Weapons
 a - a +1 dagger (weapon)
Armour
 b - a +0 robe (worn)
 i - a +0 cloak (worn)
Scrolls
 j - a scroll of blinking
Potions
 e - 3 potions of flight {unknown}
 f - a potion of cancellation {unknown}
 g - a potion of haste
 h - 2 potions of magic
Books
 c - a book of Maledictions

   Spells                             Type                      Level
   a - Corona                         Hexes                        1
   b - Ensorcelled Hibernation        Hexes/Ice                    2
   c - Confuse                        Hexes                        3
   d - Tukima's Dance                 Hexes                        3
   e - Dazzling Spray                 Conjuration/Hexes            3
Comestibles
 d - a ration


   Skills:
 + Level 6.1 Fighting
 * Level 11.6 Short Blades
 + Level 5.7 Armour
 * Level 14.4 Dodging
 * Level 15.8 Stealth
 * Level 12.3 Spellcasting
 + Level 9.5 Hexes
 + Level 6.0 Ice Magic
 + Level 1.5 Invocations


You had 21 spell levels left.
You knew the following spells:

 Your Spells              Type           Power        Failure   Level  Hunger
a - Corona                Hex            #####..      1%          1    None
b - Ensorcelled Hibernat  Hex/Ice        #####.       1%          2    None
c - Confuse               Hex            #####...     1%          3    None
d - Tukima's Dance        Hex            #####...     1%          3    None
e - Dazzling Spray        Conj/Hex       ####..       2%          3    None


Dungeon Overview and Level Annotations

Branches:
Dungeon (1/1)

Altars:
Cheibriados
Dithmenos
Elyvilon
Fedhas
Gozag
Hepliaklqana
Kikubaaqudgha
Makhleb
Nemelex Xobeh
Okawaru
Qazlal
Ru
Sif Muna
Trog
Uskayaw
Vehumet
Wu Jian
Xom
Yredelemnul
Zin
The Shining One
Beogh
Jiyva
Lugonu

Shops:
D :(}*[!=%%=::!}?[

Annotations:
D exclusions: 6 doors and oklob plant


Innate Abilities, Weirdness & Mutations

You are very small and have problems with some larger weapons.
You are too small for most types of armour.
You have supernaturally acute eyesight. (SInv)
You are a herbivore.
You cover ground extremely quickly.
You need consume almost no food.
You tend to lose your temper in combat.
You are clumsy. (Dex -2)


Message History

Aiming: Confuse
Press: ? - help, Shift-Dir - straight line, f - yaktaur
Aim: a yaktaur, wielding an arbalest (chance to defeat MR: 52%)
The yaktaur resists with significant effort.
Casting: Confuse
Confirm with . or Enter, or press ? or * to list all spells.
Aiming: Confuse
Press: ? - help, Shift-Dir - straight line, f/p - yaktaur
Aim: a yaktaur, wielding an arbalest (chance to defeat MR: 52%)
The yaktaur resists with significant effort.
The yaktaur shoots a bolt.
The bolt closely misses you.
Casting: Confuse
Confirm with . or Enter, or press ? or * to list all spells.
Aiming: Confuse
Press: ? - help, Shift-Dir - straight line, f/p - yaktaur
Aim: a yaktaur, wielding an arbalest (chance to defeat MR: 52%)
The yaktaur resists with significant effort.
The yaktaur shoots a bolt.
The bolt hits you!!
Ouch! That really hurt!
You die...

.....# +##..# ####.####
+.### #..#....# ...####
..####..## #..##$#▓[$??![
+###.##..# +..#..#▓$[())$
.##.).#..# #..#.c#▓?)?%!!([
<.+.#.+..####..##†#▓?)?!$(($
.##...#....###.^@##▓▓▓▓▓▓▓+
+###.##......≈≈≈≈≈≈≈≈≈≈≈≈≈
#.####≈≈....§§#'########+###
#..#≈≈≈≈≈≈≈.§§#_._.....#t§≈#
.###≈≈≈≈§≈≈≈§≈#._._....#t§≈§
+##≈≈≈≈§§§≈≈≈≈#_._._...#≈§≈§
≈≈≈≈≈≈≈§§≈≈≈≈≈#._._._..#§§§≈
#+++#≈≈≈≈≈≈§§≈#_._._._.#≈§≈§
§§§ ##≈≈§###≈≈#._._._._#≈≈§§


You could see a yaktaur.

Vanquished Creatures
  Kirke (D)
  A yaktaur captain (D)
  A centaur warrior (D)
  A death yak (D)
  A skeletal warrior (D)
  A merfolk siren (D)
  4 polar bears (D)
  A hornet (D)
  2 tyrant leeches (D)
  A blink frog (D)
  4 neqoxecs (D)
  Menkaure (D)
  A necrophage (D)
  An iron imp (D)
  4 worker ants (D)
25 creatures vanquished.

Vanquished Creatures (others)
  An elephant (D)
  A kobold demonologist (D)
  A polar bear (D)
  A crocodile (D)
4 creatures vanquished.

Grand Total: 29 creatures vanquished

Notes
Turn   | Place    | Note
-------+----------+-------------------------------------------
     0 | D        | Kidiri the Spriggan Enchanter began the quest for the Orb.
     0 | D        | Reached XP level 1. HP: 9/9 MP: 5/5
     1 | D        | Noticed a neqoxec
     1 | D        | Noticed a neqoxec
     1 | D        | Noticed a neqoxec
     1 | D        | Noticed a neqoxec
     4 | D        | Noticed a tyrant leech
     4 | D        | Noticed a tyrant leech
     7 | D        | Noticed a worker ant
     7 | D        | Noticed a worker ant
     7 | D        | Noticed a worker ant
     7 | D        | Noticed a worker ant
    10 | D        | Noticed a merfolk siren
    20 | D        | Killed a worker ant
    20 | D        | Reached skill level 1 in Fighting
    20 | D        | Reached skill level 5 in Stealth
    20 | D        | Reached XP level 2. HP: 7/14 MP: 5/7
    25 | D        | Reached skill level 1 in Armour
    25 | D        | Reached skill level 5 in Dodging
    25 | D        | Reached skill level 6 in Stealth
    25 | D        | Reached XP level 3. HP: 4/18 MP: 5/9
    32 | D        | Learned a level 2 spell: Ensorcelled Hibernation
    36 | D        | Learned a level 3 spell: Confuse
    40 | D        | Learned a level 3 spell: Tukima's Dance
   259 | D        | Reached XP level 4. HP: 22/22 MP: 9/11
   265 | D        | Reached skill level 7 in Stealth
   265 | D        | Reached skill level 5 in Spellcasting
   271 | D        | Learned a level 3 spell: Dazzling Spray
   341 | D        | Killed a tyrant leech
   341 | D        | Reached skill level 5 in Short Blades
   341 | D        | Reached skill level 9 in Stealth
   341 | D        | Reached skill level 5 in Hexes
   341 | D        | Reached XP level 5. HP: 27/27 MP: 6/15
   341 | D        | Reached XP level 6. HP: 32/32 MP: 6/16
   358 | D        | Killed a tyrant leech
   358 | D        | Reached skill level 10 in Stealth
   601 | D        | Killed a merfolk siren
   601 | D        | Reached skill level 10 in Dodging
   601 | D        | Reached skill level 11 in Stealth
   601 | D        | Reached XP level 7. HP: 37/37 MP: 16/20
   635 | D        | Gained mutation: You tend to lose your temper in combat. [a neqoxec]
   636 | D        | Killed a neqoxec
   637 | D        | Killed a neqoxec
   637 | D        | Reached XP level 8. HP: 42/42 MP: 15/22
   637 | D        | Gained mutation: You are clumsy. (Dex -2) [a neqoxec]
   638 | D        | Reached skill level 12 in Stealth
   650 | D        | Noticed an ice statue
   688 | D        | Noticed Menkaure
   690 | D        | Found Met Edud's Antique Armour Shoppe.
   690 | D        | Noticed Kirke
   690 | D        | Noticed a yaktaur captain
   690 | D        | Noticed a skeletal warrior
   691 | D        | Killed Menkaure
   692 | D        | Noticed a centaur warrior
   709 | D        | Noticed an obsidian statue
   715 | D        | Found Kicworr's Magic Scroll Emporium.
   716 | D        | Found Lovof's Distillery.
   717 | D        | Found Wailout's Jewellery Shoppe.
   717 | D        | Found Elaub's Food Emporium.
   717 | D        | Found Ikij's Food Shoppe.
   718 | D        | Noticed a blink frog
   730 | D        | Killed a skeletal warrior
   730 | D        | Reached skill level 13 in Stealth
   730 | D        | Reached skill level 10 in Spellcasting
   764 | D        | Killed an elephant
   765 | D        | Found Cumulote's Distillery.
   765 | D        | Found Atuvesarph's Antique Armour Shoppe.
   768 | D        | Killed a blink frog
   768 | D        | Reached XP level 9. HP: 46/46 MP: 24/24
   775 | D        | Found Zophusel's Gadget Shoppe.
   775 | D        | Found Koasiedi's Antique Weapon Emporium.
   775 | D        | Found Ejo Sior's Book Shoppe.
   775 | D        | Found Jokuem's Assorted Antiques.
   776 | D        | Found Beaddentar's Gadget Shoppe.
   776 | D        | Found Wubromyi's Jewellery Emporium.
   776 | D        | Noticed an unseen horror
   777 | D        | Found Xeawun's Book Emporium.
   778 | D        | Noticed an unseen horror
   778 | D        | Noticed an oklob plant
   779 | D        | Found Puah's Book Shoppe.
   796 | D        | Noticed a polar bear
   796 | D        | Killed a polar bear
   817 | D        | Noticed a polar bear
   829 | D        | Killed Kirke
   829 | D        | Reached skill level 5 in Fighting
   829 | D        | Reached skill level 10 in Short Blades
   829 | D        | Reached skill level 5 in Armour
   829 | D        | Reached skill level 14 in Stealth
   829 | D        | Reached skill level 5 in Ice Magic
   830 | D        | Killed a centaur warrior
   841 | D        | Killed a yaktaur captain
   841 | D        | Reached skill level 15 in Stealth
   841 | D        | Reached XP level 10. HP: 38/53 MP: 9/26
  1045 | D        | Noticed a death yak
  1047 | D        | Killed a death yak
  1063 | D        | Noticed an ice dragon
  1063 | D        | Noticed a shining eye
  1063 | D        | Noticed a shining eye
  1063 | D        | Noticed a shining eye
  1063 | D        | Noticed a great orb of eyes
  1106 | D        | Found an iron altar of Okawaru.
  1106 | D        | Found a radiant altar of Vehumet.
  1111 | D        | Found a glowing silver altar of Zin.
  1112 | D        | Found a sparkling altar of Nemelex Xobeh.
  1112 | D        | Found a hide-covered altar of Uskayaw.
  1113 | D        | Found an opulent altar of Gozag.
  1113 | D        | Found a burning altar of Makhleb.
  1113 | D        | Found a bloodstained altar of Trog.
  1114 | D        | Found a basalt altar of Yredelemnul.
  1115 | D        | Found a blossoming altar of Fedhas.
  1115 | D        | Found a corrupted altar of Lugonu.
  1115 | D        | Found a deep blue altar of Sif Muna.
  1116 | D        | Found a white marble altar of Elyvilon.
  1116 | D        | Found an ancient bone altar of Kikubaaqudgha.
  1117 | D        | Found a shadowy altar of Dithmenos.
  1117 | D        | Found a viscous altar of Jiyva.
  1118 | D        | Found a snail-covered altar of Cheibriados.
  1119 | D        | Found a roughly hewn altar of Beogh.
  1119 | D        | Found a shimmering altar of Xom.
  1119 | D        | Found a sacrificial altar of Ru.
  1119 | D        | Found a hazy altar of Hepliaklqana.
  1120 | D        | Found a glowing golden altar of the Shining One.
  1120 | D        | Found an ornate altar of the Wu Jian Council.
  1120 | D        | Found a stormy altar of Qazlal.
  1125 | D        | Became a worshipper of Dithmenos the Shadowed
  1146 | D        | Reached skill level 1 in Invocations
  1155 | D        | Reached * piety under Dithmenos
  1161 | D        | Shot with a bolt by a yaktaur

Vault maps used:
D:        the_violet_keep_of_menkaure

Skill      XL: |  1  2  3  4  5  6  7  8  9 10 |
---------------+-------------------------------+-----
Fighting       | 1 2 3 4 5 6 |  6.1
Short Blades   | 2 3 5 7 8 9 11 | 11.6
Dodging        | 4 5 7 10 12 13 14 | 14.4
Stealth        | 5 6 9 11 13 15 | 15.8
Spellcasting   | 3 4 6 8 9 10 11 12 | 12.3
Hexes          | 4 5 6 7 9 |  9.5
Armour         | 1 2 3 4 5 |  5.7
Ice Magic      | 2 3 4 5 6 |  6.0
Invocations    | 1 |  1.5

Action                   |  1- 3 |  4- 6 |  7- 9 | 10-12 || total
-------------------------+-------+-------+-------+-------++-------
Melee: Dagger            |     9 |    19 |    39 |    23 ||    90
 Cast: Ensorcelled Hiber |       |     4 |     2 |     2 ||     8
       Dazzling Spray    |       |     2 |     2 |     2 ||     6
       Confuse           |       |     1 |     9 |     8 ||    18
  Use: Potion            |     2 |       |     1 |       ||     3
 Stab: Sleeping          |     1 |     3 |     2 |     2 ||     8
       Invisible         |       |     2 |     3 |     2 ||     7
       Confused          |       |     2 |     8 |     5 ||    15
Armor: Robe              |     2 |     2 |     1 |     1 ||     6
Dodge: Dodged            |     9 |     8 |    17 |    21 ||    55

Table legend:
 A = Spawn XP
 B = Non-spawn XP
 C = Spawn XP percentage of total XP
 D = Spawn monster count
 E = Non-spawn monster count
 F = Spawn count percentage of total count
 G = Total turns spent on level
                    A         B        C        D         E        F      G
               +---------+---------+-------+---------+---------+-------+---------
         Total |       0 |    8493 |   0.0 |       0 |      25 |   0.0 |  1161
               +---------+---------+-------+---------+---------+-------+---------
             D |       0 |    8493 |   0.0 |       0 |      25 |   0.0 |  1161
               +---------+---------+-------+---------+---------+-------+---------
